Map: Altar Tal'darim LE

Players

Pikachugamer - Winner!

  • Race: Zerg Zerg
  • Spawn Location: 1:00

lord - Winner!

  • Race: Zerg Zerg
  • Spawn Location: 7:00

I.A. 2 (Muito fácil)

  • Race: Protoss Protoss

VOD

Have the link to the VOD?

Description

Win with queen and drones whaaaaat?

Time

  • Played on: March 5, 2016, 10:48 a.m.
  • Length: 28:24
Show
View Real Time Build Order
Export as new Build Order

Pikachugamer Zerg - Winner!

Build Orders: Pool First 

Get SALT Encoding   

  12  0:22  Spawning Pool  
  12  0:25  Drone  
  12  0:28  Drone  
  13  0:33  Drone  
  14  0:48  Overlord  
  14  0:51  Overlord  
  14  1:09  Queen  
  16  1:16  Drone x2  
  18  1:46  Hatchery  
  19  1:54  Queen  
  19  2:07  Drone x2  
  19  2:08  Drone  
  22  2:29  Queen  
  24  2:47  Drone  
  24  2:48  Drone x2  
  27  3:01  Drone  
  28  3:21  Drone x2  
  28  3:25  Drone  
  28  3:26  Drone x4  
  35  3:56  Drone  
  35  4:00  Overlord  
  35  4:01  Overlord x4  
  36  4:03  Hatchery  
  35  4:18  Queen x2  
  39  4:59  Hatchery  
  38  5:24  Drone  
  38  5:27  Queen  
  41  5:41  Drone  
  41  5:42  Drone x5  
  47  5:44  Hatchery, Queen  
  48  5:54  Queen  
  50  6:02  Queen  
  50  6:04  Drone x3  
  55  6:19  Queen  
  55  6:21  Queen  
  55  6:24  Drone x2  
  61  6:30  Queen  
  63  6:38  Queen  
  65  6:42  Drone  
  66  6:57  Queen  
  68  7:11  Drone x2  
  68  7:12  Drone  
  67  7:25  Drone x3  
  67  7:28  Queen  
  73  7:30  Drone  
  73  7:33  Drone x2  
  73  7:34  Drone  
  75  7:39  Drone x4, Queen  
  75  7:40  Drone x2  
  75  7:42  Drone  
  80  7:57  Drone  
  80  7:58  Drone x5  
  86  8:03  Drone  
  86  8:04  Drone x2, Queen  
  89  8:11  Drone x3  
  91  8:17  Queen  
  92  8:33  Drone x2  
  88  8:42  Hatchery  
  86  8:49  Drone x3  
  86  8:54  Queen  
  89  9:01  Overlord x3  
  89  9:07  Drone  
  89  9:08  Drone  
  94  9:10  Drone x5  
  94  9:13  Hatchery  
  93  9:21  Drone x2  
  93  9:22  Drone x3  
  93  9:23  Evolution Chamber  
  97  9:29  Evolution Chamber  
  97  9:30  Queen  
  98  9:59  Spine Crawler x2  
  96  10:01  Drone  
  96  10:03  Spine Crawler  
  96  10:06  Spine Crawler  
  95  10:07  Drone, Spine Crawler  
  95  10:08  Drone x5  
  95  10:13  Drone x3  
  103  10:21  Drone x2  
  103  10:22  Drone  
  106  11:10  Drone x2  
  106  11:11  Drone x4  
  112  11:27  Drone x2  
  112  11:28  Drone  
  115  11:43  Queen  
  117  11:50  Spine Crawler  
  117  11:52  Hatchery  
  117  11:53  Drone x3, Spine Crawler  
  117  11:58  Spore Crawler  
  116  12:01  Drone x4  
  116  12:02  Drone x2, Spore Crawler  
  116  12:05  Spore Crawler  
  116  12:07  Spore Crawler  
  119  12:09  Drone x5  
  124  12:48  Spine Crawler  
  124  12:49  Drone, Spine Crawler, Overlord x2  
  123  12:52  Spine Crawler  
  123  12:53  Spine Crawler  
  123  12:56  Spine Crawler  
  120  13:22  Drone x2  
  120  13:24  Queen  
  124  13:31  Drone x4  
  124  13:32  Drone  
  129  13:38  Drone  
  129  13:39  Drone x2  
  132  14:04  Drone x3  
  132  14:05  Drone  
  132  14:06  Extractor  
  135  14:11  Drone x3  
  135  14:15  Drone x2  
  135  14:16  Drone  
  141  14:19  Queen  
  141  14:24  Drone x3  
  146  14:33  Overlord x2  
  146  14:34  Overlord  
  146  14:48  Overlord x3  
  146  14:55  Queen  
  148  15:30  Queen  
  150  15:38  Drone x3  
  153  15:43  Drone x3  
  156  17:05  Hatchery  
  156  17:07  Hatchery  
  154  17:09  Hatchery  
  138  17:42  Drone x2  
  138  17:43  Drone x4  
  141  17:46  Spine Crawler  
  139  18:07  Spine Crawler  
  139  18:09  Drone x2  
  139  18:12  Spine Crawler  
  139  18:14  Drone x3  
  142  18:34  Drone  
  142  18:35  Drone x2  
  142  18:40  Drone x3  
  148  18:43  Drone x3  
  151  18:53  Hatchery  
  150  18:59  Hatchery  
  149  19:03  Spine Crawler  
  149  19:04  Spine Crawler  
  147  19:13  Spine Crawler x3  
  144  19:17  Drone x3  
  147  19:41  Drone x3  
  147  19:47  Drone  
  147  19:48  Drone x2  
  150  19:57  Drone x2  
  150  19:58  Drone  
  153  20:00  Drone  
  153  20:01  Drone x5  
  153  20:26  Drone x2  
  153  20:27  Drone x3  
  158  20:29  Queen  
  158  20:31  Drone x2  
  158  20:32  Drone x4  
  166  20:36  Drone x2  
  166  20:37  Drone x3  
  171  21:05  Queen  
  172  21:18  Drone x3  
  174  21:22  Drone x3  
  178  21:26  Drone x3  
  181  21:59  Drone  
  181  22:00  Drone x2  
  174  22:24  Spine Crawler x2  
  174  22:30  Zergling x2  
  173  22:44  Drone x3  
Show
View Real Time Build Order
Export as new Build Order

lord Zerg - Winner!

Build Orders:  

Get SALT Encoding   

  12  0:01  Probe (Chrono Boost)  
  13  0:11  Probe (Chrono Boost)  
  14  0:22  Pylon  
  14  0:36  Assimilator  
  14  0:43  Gateway  
  14  0:47  Pylon  
  14  1:17  Assimilator  
  14  1:28  Zealot  
  14  1:29  Probe (Chrono Boost)  
  17  1:33  Cybernetics Core  
  18  1:40  Probe (Chrono Boost)  
  18  1:51  Probe (Chrono Boost)  
  19  1:58  Warp Gate  
  19  2:02  Probe (Chrono Boost)  
  20  2:13  Probe (Chrono Boost)  
  21  2:24  Probe (Chrono Boost)  
  22  2:34  Stalker  
  24  6:56  Probe (Chrono Boost)  
  24  6:57  Adept  
  24  6:58  Pylon  
  24  7:01  Robotics Facility  
  27  7:08  Probe (Chrono Boost)  
  28  7:18  Probe (Chrono Boost)  
  29  7:23  Nexus  
  29  7:29  Probe (Chrono Boost)  
  30  7:35  Pylon  
  30  7:40  Probe (Chrono Boost)  
  31  7:46  Observer  
  32  8:04  Observer  
  33  8:37  Probe (Chrono Boost)  
  34  8:43  Probe (Chrono Boost)  
  35  8:51  Probe (Chrono Boost)  
  36  8:58  Probe (Chrono Boost)  
  36  8:59  Assimilator  
  36  9:02  Assimilator  
  37  9:05  Probe (Chrono Boost)  
  38  9:12  Probe (Chrono Boost)  
  39  9:19  Zealot  
  39  9:20  Probe (Chrono Boost)  
  40  9:27  Probe (Chrono Boost)  
  40  9:34  Probe (Chrono Boost)  
  41  9:41  Probe (Chrono Boost)  
  42  9:48  Probe (Chrono Boost)  
  43  9:56  Probe (Chrono Boost)  
  44  10:03  Probe (Chrono Boost)  
  45  10:10  Probe (Chrono Boost)  
  46  10:17  Probe (Chrono Boost)  
  47  10:24  Probe (Chrono Boost)  
  48  10:37  Stalker  
  48  12:37  Warp Prism  
  48  12:43  Gateway, Stalker  
  52  12:47  Robotics Bay  
  52  12:50  Stargate  
  52  12:51  Pylon  
  52  13:08  Warp Prism  
  52  13:09  Sentry  
  50  13:20  Nexus  
  50  13:32  Observer Gravitic Boosters  
  50  13:33  Gateway  
  50  13:36  Stalker  
  52  13:41  Observer  
  53  14:02  Zealot  
  55  14:22  Gravitic Drive  
  55  14:43  Assimilator  
  55  14:46  Assimilator  
  55  16:38  Immortal  
  59  17:06  Stalker  
  61  17:25  Immortal  
  59  17:52  Stalker  
  59  18:15  Stalker  
  61  20:00  Nexus  
  61  20:51  Zealot  
  63  21:05  Adept  
  65  21:13  Assimilator  
  65  21:18  Assimilator  
  65  21:19  Zealot  
  65  21:33  Adept  
  67  21:46  Adept  
  69  22:00  Sentry  
  71  23:11  Stalker  
  65  23:25  Stalker  
  63  24:43  Stalker  
  65  24:49  Twilight Council  
  65  25:00  Stalker  
  67  25:19  Zealot  
  53  25:37  Zealot  
  55  25:55  Stalker  
  57  26:13  Stalker  
  57  26:16  Probe (Chrono Boost)  
  47  26:23  Probe (Chrono Boost)  
  40  26:30  Probe (Chrono Boost)  
  34  26:35  Templar Archives  
  34  26:37  Void Ray  
  34  26:38  Probe (Chrono Boost)  
  33  26:46  Probe (Chrono Boost)  
  31  26:49  Warp Prism  
  31  26:52  Probe (Chrono Boost)  
  31  26:59  Stalker  
  31  27:00  Probe (Chrono Boost), Nexus  
  32  27:03  Pylon  
  32  27:06  Pylon  
  32  27:07  Probe (Chrono Boost)  
  33  27:14  Probe (Chrono Boost)  
  34  27:17  Zealot  
  34  27:20  Probe (Chrono Boost)  
  34  27:21  Assimilator  
  36  27:27  Probe (Chrono Boost)  
  35  27:35  Probe (Chrono Boost), High Templar  
  34  27:42  Probe (Chrono Boost)  
  30  27:49  Probe (Chrono Boost)  
  30  27:50  Pylon, Nexus  
  31  27:53  High Templar  
  31  27:56  Probe (Chrono Boost)  
  33  28:05  Probe (Chrono Boost)  
  33  28:11  High Templar, Gateway  
  36  28:17  Cybernetics Core  
Show
View Real Time Build Order
Export as new Build Order

I.A. 2 (Muito fácil) Protoss 

Build Orders:  

Get SALT Encoding   

Tags
 
Add a new tag
Caveats
  • Supply blocks, unpowered buildings, or Contaminate may cause inaccurate times.
  • Supply counts are checked every 10 seconds.